 Dungeon Crawl Stone Soup version 0.21.1-1-g345015f (webtiles) character file.

487 snakesoul the Skirmisher (level 6, 0/51 HPs)
             Began as a Demonspawn Fighter on June 24, 2018.
             Slain by Menkaure (15 damage)
             ... on level 4 of the Dungeon.
             The game lasted 00:07:48 (4057 turns).

snakesoul the Skirmisher (Demonspawn Fighter)       Turns: 4057, Time: 00:07:49

Health: 0/51       AC:  7    Str: 18    XL:     6   Next: 89%
Magic:  6/6        EV:  7    Int: 10    God:
Gold:   212        SH:  9    Dex: 12    Spells: 5/5 levels left

rFire    . . .     SeeInvis .   a - +0 trident
rCold    . . .     Gourm    .   c - +0 shield
rNeg     . . .     Faith    .   b - +0 scale mail
rPois    .         Spirit   .   (no helmet)
rElec    .         Reflect  .   q - +0 cloak
rCorr    .         Harm     .   (no gloves)
MR       .....                  (no boots)
Stlth    ..........             (no amulet)
HPRegen  0.17/turn              (no ring)
MPRegen  0.10/turn              (no ring)

@: no status effects
A: claws 2, spiny 1
a: no special abilities


You were on level 4 of the Dungeon.
You were not hungry.

You visited 1 branch of the dungeon, and saw 4 of its levels.

You collected 212 gold pieces.

Inventory:

Hand Weapons
 a - a +0 trident (weapon)
Armour
 b - a +0 scale mail (worn)
 c - a +0 shield (worn)
 q - a +0 cloak (worn)
Jewellery
 h - a +3 amulet of reflection {unknown}
Scrolls
 e - a scroll of teleportation {unknown}
 g - 6 scrolls of identify {unknown}
 o - a scroll of immolation {unknown}
 p - 2 scrolls of amnesia {unknown}
 r - a scroll of enchant armour {unknown}
 s - a scroll of enchant weapon {unknown}
 t - a scroll of blinking {unknown}
 w - a scroll of noise {unknown}
 x - a scroll of fog {unknown}
Potions
 i - a potion of invisibility {unknown}
 j - 2 potions of flight {unknown}
 k - 2 potions of heal wounds {unknown}
 l - a potion of ambrosia {unknown}
 m - 2 potions of curing {unknown}
 n - a potion of brilliance {unknown}
 v - 2 potions of mutation {unknown}
Books
 u - a book of Minor Magic

   Spells                             Type                      Level
   a - Magic Dart                     Conjuration                  1
   b - Blink                          Translocation                2
   c - Call Imp                       Summoning                    2
   d - Slow                           Hexes                        2
   e - Conjure Flame                  Conjuration/Fire             3
   f - Mephitic Cloud                 Conjuration/Poison/Air       3
Comestibles
 f - 7 rations


   Skills:
 * Level 5.4 Fighting
 * Level 4.4 Polearms
 - Level 2.6 Armour
 + Level 4.0 Shields


You had 5 spell levels left.
You didn't know any spells.

Dungeon Overview and Level Annotations

Branches:
Dungeon (4/15)
 Temple: D:4-7

Altars:
Dithmenos
Fedhas
Qazlal
Ru
Trog

Annotations:
D:4 Menkaure


Innate Abilities, Weirdness & Mutations

You have very sharp fingernails.
You are partially covered in sharp spines.


Message History

You completely miss Menkaure. You block Menkaure's attack.
Your shield and scale mail prevent you from hitting Menkaure.
Menkaure mumbles some strange words.
Menkaure seems to speed up.
You hit Menkaure.
Menkaure is lightly damaged.
Menkaure calls on the powers of darkness!
Your body is wracked with pain!
You hit Menkaure.
Menkaure is lightly damaged.
Menkaure calls on the powers of darkness!
Your body is wracked with pain!
* * * LOW HITPOINT WARNING * * *
You are too injured to fight recklessly!
You are too injured to fight recklessly!
You are too injured to fight recklessly!
You hit Menkaure.
Menkaure is moderately damaged.
Menkaure hits you!
You die...

###########.####
................
##.#######..#.#### #...
#........ #..# ##.#.###. #
#..##. #.......
#.#..##.#####.#.####
#.#M.##.......#.[.##
#>.@................ #....#
#.#...............## #....#
#.#.#######.#.###.# #....#
#.#.......#.#.######
#....###.######.##.........
#....#......###.##.#.......
#....#......+........######
#....#......#####..#.#.....
#...)).......<.....#.#.####


You could see Menkaure.

Vanquished Creatures
  An ogre (D:4)
  The ghost of snakesoul the Skirmisher, a weakling DsFi (D:3)
  Crazy Yiuf (D:2)
  2 orc wizards
  Jessica (D:2)
  2 worker ants
  A hound zombie (D:4)
  4 gnolls (D:4)
  5 adders
  6 worms
  2 dart slugs (D:3)
  3 leopard geckos
  9 orcs
  6 giant cockroaches
  9 goblins
  2 hobgoblins
  6 jackals
  3 quokkas
  8 bats
  3 frilled lizards
  7 kobolds
  A leopard gecko skeleton (D:4)
  8 rats
91 creatures vanquished.

Notes
Turn   | Place    | Note
-------+----------+-------------------------------------------
     0 | D:1      | snakesoul the Demonspawn Fighter began the quest for the Orb.
     0 | D:1      | Reached XP level 1. HP: 18/18 MP: 1/1
   234 | D:1      | Gained mutation: You are partially covered in sharp spines. [demonic ancestry]
   234 | D:1      | Reached XP level 2. HP: 15/24 MP: 2/2
   863 | D:2      | Reached XP level 3. HP: 29/29 MP: 3/3
  1020 | D:2      | Found a shadowy altar of Dithmenos.
  1022 | D:2      | Found a stormy altar of Qazlal.
  1091 | D:2      | Found a bloodstained altar of Trog.
  1105 | D:2      | Reached XP level 4. HP: 17/37 MP: 4/4
  1486 | D:2      | Found a runed door.
  1528 | D:2      | Noticed Jessica
  1534 | D:2      | Killed Jessica
  1534 | D:2      | Reached skill level 4 in Fighting
  1801 | D:2      | Noticed Crazy Yiuf
  1812 | D:2      | Killed Crazy Yiuf
  2101 | D:3      | Gained mutation: You have sharp fingernails. [demonic ancestry]
  2101 | D:3      | Reached XP level 5. HP: 39/42 MP: 5/5
  2275 | D:3      | Noticed snakesoul's ghost (weakling DsFi)
  2301 | D:3      | Killed snakesoul's ghost
  2747 | D:3      | Gained mutation: You have very sharp fingernails. [demonic ancestry]
  2747 | D:3      | Reached XP level 6. HP: 50/50 MP: 6/6
  3074 | D:4      | Reached skill level 5 in Fighting
  3390 | D:4      | Found a sacrificial altar of Ru.
  3856 | D:4      | Found a blossoming altar of Fedhas.
  4048 | D:4      | Noticed Menkaure
  4057 | D:4      | Slain by Menkaure

Skill      XL: |  1  2  3  4  5  6 |
---------------+-------------------+-----
Polearms       | 2 3 4 |  4.4
Shields        | 3 4 |  4.0
Fighting       | 4 5 |  5.4
Armour         | |  2.6

Action                   |  1- 3 |  4- 6 || total
-------------------------+-------+-------++-------
Melee: Trident           |   119 |   208 ||   327
       Unarmed           |       |     7 ||     7
  Use: Potion            |       |     1 ||     1
  Eat: Chunk             |     1 |     9 ||    10
Armor: Scale mail        |    38 |    41 ||    79
Dodge: Dodged            |    28 |    27 ||    55
Block: Shield            |    59 |    70 ||   129
